 Dungeon Crawl Stone Soup version 0.29.1-13-g9f3cf754e1 (webtiles) character file.

Game seed: 17596597495480268281

35 Heoruswealwe the Covered (level 3, -4/33 HPs)
             Began as a Minotaur Fighter on Feb 5, 2023.
             Was a Follower of the Shining One.
             Slain by a gnoll
             ... wielding a +2 spear of flaming
              (5 damage)
             ... on level 5 of the Dungeon.
             The game lasted 00:05:18 (308 turns).

Heoruswealwe the Covered (Minotaur Fighter)          Turns: 308, Time: 00:05:22

Health: -4/33      AC:  7    Str: 22    XL:     3   Next: 17%
Magic:  2/2        EV:  8    Int:  5    God:    the Shining One [*.....]
Gold:   14         SH:  8    Dex:  9    Spells: 2/2 levels left

rFire   . . .      SeeInvis .   a - +0 war axe
rCold   . . .      Faith    .   n - +0 kite shield
rNeg    . . .      Spirit   .   b - +0 scale mail
rPois   .          Reflect  .   (helmet restricted)
rElec   .          Harm     .   (no cloak)
rCorr   .          Rampage  .   (no gloves)
Will    .....                   (no boots)
Stlth   ..........              (no amulet)
HPRegen 0.11/turn               h - ring of flight
MPRegen 0.08/turn               (no ring)

@: flying, glowing
A: horns 2, retaliatory headbutt
a: Renounce Religion, Divine Shield


You were on level 5 of the Dungeon.
You worshipped the Shining One.
The Shining One was aware of your devotion.
You visited 1 branch of the dungeon, and saw 5 of its levels.

You collected 14 gold pieces.

Inventory:

Hand Weapons
 a - a +0 war axe (weapon)
 g - a +0 spear
 i - a +0 flail
 l - a +0 short sword
 q - a +0 dagger
Missiles
 o - 9 stones (quivered)
Armour
 b - a +0 scale mail (worn)
 c - a +0 buckler
 j - a +0 ring mail
 k - a +0 ring mail
 n - a +0 kite shield (worn)
Jewellery
 h - a ring of flight (left hand)
Scrolls
 e - a scroll of identify {unknown}
 f - a scroll of poison {unknown}
 m - a scroll of blinking {unknown}
 p - a scroll of torment {unknown}
Potions
 d - a potion of might


   Skills:
 + Level 4.2 Fighting
 + Level 3.0 Axes
 + Level 4.2 Armour
 + Level 3.9 Shields


You had 2 spell levels left.
You didn't know any spells.
Your spell library contained the following spells:

 Spells                   Type           Power      Damage    Failure   Level
 Call Canine Familiar     Summ           0%         N/A       100%        3
 Portal Projectile        Hex/Tloc       0%         N/A       100%        3
 Leda's Liquefaction      Hex/Erth       0%         N/A       100%        4


Dungeon Overview and Level Annotations

Branches:
Dungeon (5/15)
 Temple: D:4-7

Altars:
The Shining One


Innate Abilities, Weirdness & Mutations

You have a pair of horns on your head.
You reflexively headbutt those who attack you in melee.


Message History

Found a purple potion.
There is a stone staircase leading up here.
A gnoll comes into view. It is wielding a +0 club.
The gnoll shouts!
You hear a shout!
A gnoll comes into view. It is wielding a +0 flail.
A gnoll comes into view. It is wielding a +2 spear of flaming.
Found a flickering jade amulet.
The gnoll shouts!
A gnoll comes into view. It is wielding a +0 halberd.
The gnoll shouts!
You hear a shout!
A gnoll comes into view. It is wielding a +0 flail.
The gnoll shouts!
You hit the gnoll but do no damage. You headbutt the gnoll.
The gnoll is moderately wounded.
You block the gnoll's attack.
You hit the gnoll but do no damage.
The gnoll is moderately wounded.
You hit the gnoll.
A gnoll comes into view. It is wielding a +0 whip.
The gnoll hits you with a +0 club. The gnoll hits you but does no damage.
The gnoll hits you from afar with a +2 spear of flaming.
The gnoll burns you. The gnoll barely misses you.
The gnoll hits you with a +0 club!
You slash the gnoll!
You kill the gnoll!
You hit the gnoll. The gnoll barely misses you.
The gnoll hits you but does no damage.
Your Fighting skill increases to level 4!
You have reached level 3!
Your experience leads to an increase in your attributes!
Increase (S)trength, (I)ntelligence, or (D)exterity?
You feel stronger. x2
You slash the gnoll!
You kill the gnoll!
The gnoll closely misses you.
The gnoll hits you from afar with a +0 halberd!
* * * LOW HITPOINT WARNING * * *
You block the gnoll's attack.
The gnoll hits you from afar with a +2 spear of flaming.
You die...

## #.# ....
#".. ..... ...
......g #..
....... #.#..#
.......
#....##gg.....
#@)g!.....
####.)g......
#............
#............
#...<#......#
#....####..####
#..... ...#
...... ....#
#....# .....


You could see 4 gnolls.

Vanquished Creatures
  2 gnolls (D:5)
  A worm (D:3)
  An orc (D:3)
  4 endoplasms
  A giant cockroach (D:1)
  2 hobgoblins
  2 kobolds
  2 quokkas
  4 ball pythons
  A frilled lizard (D:2)
  2 rats
22 creatures vanquished.

Notes
Turn   | Place    | Note
-------+----------+-------------------------------------------
     0 | D:1      | Heoruswealwe the Minotaur Fighter began the quest for the
                  | Orb.
     0 | D:1      | Reached XP level 1. HP: 19/19 MP: 0/0
    28 | D:1      | Found a faded altar of an unknown god.
    96 | D:1      | Prayed at the altar of an unknown god.
    96 | D:1      | Became a worshipper of the Shining One
    96 | D:1      | Reached * piety under the Shining One
   145 | D:2      | Reached XP level 2. HP: 22/27 MP: 1/1
   297 | D:5      | Entered Level 5 of the Dungeon
   308 | D:5      | Reached XP level 3. HP: 13/33 MP: 2/2
   308 | D:5      | HP: 1/33 [gnoll/+0 halberd (12)]
   308 | D:5      | Slain by a gnoll

Illustrated notes

Levels and vault maps discovered:
D:1:      dpeg_arrival_renting, layout_loops_ring,
          dreamdust_ecumenical_altar_statues, minmay_hexomino_r4
D:2:      layout_loops_corners, hangedman_decor_push
D:3:      layout_basic, mainiacjoe_overflow_catwalk
D:4:      layout_cave_pools, grunt_temple_overflow_diamond
D:5:      layout_cave_pools, nicolae_tso_besieged_by_evil, zin_angel,
          minmay_temple_entry_junction_2

Skill      XL: |  1  2 |
---------------+-------+-----
Armour         | 4 |  4.2
Axes           | 3 |  3.0
Fighting       | 4 |  4.2
Shields        | |  3.9

Action                   || total
-------------------------++-------
Melee: War axe           ||    39
       Headbutt          ||     5
Armor: Scale mail        ||     8
Dodge: Dodged            ||    14
Block: Buckler           ||     5
       Kite shield       ||     4
